 Dungeon Crawl Stone Soup version 0.20.1-1-g8b1a95d (webtiles) character file.

234 nightchill the Grave Robber (level 5, 0/35 HPs)
             Began as a Vampire Necromancer on Dec 21, 2017.
             Slain by an orc priest
             ... wielding a +0 club
              (6 damage)
             ... on level 4 of the Dungeon.
             The game lasted 00:19:02 (4683 turns).

nightchill the Grave Robber (Vampire Necromancer)   Turns: 4683, Time: 00:19:03

Health: 0/35       AC:  2    Str:  7    XL:     5   Next: 75%
Magic:  2/8        EV: 13    Int: 18    God:
Gold:   256        SH:  0    Dex: 15    Spells: 3/8 levels left

rFire    . . .     SeeInvis +   l - +0 rapier
rCold    . . .     Gourm    .   (no shield)
rNeg     + . .     Faith    .   a - +0 robe
rPois    .         Spirit   .   (no helmet)
rElec    .         Reflect  .   (no cloak)
rCorr    .         Harm     .   (no gloves)
MR       .....                  (no boots)
Stlth    +++.......             (no amulet)
Regen    0.2/turn               (no ring)
MPRegen  0.2/turn               (no ring)

@: no status effects
A: fangs 3, see invisible, unbreathing
a: Bat Form


You were on level 4 of the Dungeon.
You were not thirsty.

You visited 1 branch of the dungeon, and saw 4 of its levels.

You collected 256 gold pieces.

Inventory:

Hand Weapons
 c - a +0 short sword
 l - a +0 rapier (weapon)
 u - a +2 falchion of freezing
Missiles
 e - 159 stones (quivered)
Armour
 a - a +0 robe (worn)
Jewellery
 o - an uncursed ring of protection from cold {unknown}
Scrolls
 d - 2 scrolls of remove curse {unknown}
 f - 8 scrolls of identify {unknown}
 g - a scroll of blinking {unknown}
 h - a scroll of enchant weapon {unknown}
 m - 2 scrolls of recharging {unknown}
 r - a scroll of amnesia {unknown}
Potions
 i - a potion of degeneration {unknown}
 j - 2 potions of brilliance {unknown}
 k - a potion of flight {unknown}
 n - a potion of resistance {unknown}
 p - a potion of heal wounds {unknown}
 q - a potion of curing {unknown}
 s - a potion of might {unknown}
 t - a potion of magic {unknown}
Books
 b - a book of Necromancy

   Spells                             Type                      Level
   a - Pain                           Necromancy                   1
   b - Animate Skeleton               Necromancy                   1
   c - Vampiric Draining              Necromancy                   3
   d - Regeneration                   Charms/Necromancy            3
   e - Animate Dead                   Necromancy                   4
   f - Control Undead                 Necromancy                   4


   Skills:
 + Level 2.5 Short Blades
 - Level 2.1 Dodging
 + Level 4.5 Stealth
 - Level 2.0 Spellcasting
 - Level 6.8 Necromancy


You had 3 spell levels left.
You knew the following spells:

 Your Spells              Type           Power        Failure   Level  Hunger
a - Pain                  Necr           ####         1%          1    #......
b - Animate Dead          Necr           N/A          11%         4    #####..


Dungeon Overview and Level Annotations

Branches:
Dungeon (4/15)
 Temple: D:4-7

Altars:
Fedhas
Sif Muna


Innate Abilities, Weirdness & Mutations

You have razor-sharp teeth.
You have supernaturally acute eyesight. (SInv)
You can survive without breathing.


Message History

Confirm with . or Enter, or press ? or * to list all spells.
Aiming: Pain
Press: ? - help, Shift-Dir - straight line, f/p - orc wizard
Aim: an orc wizard, wielding a dagger and wearing a robe (almost dead, chance to defeat MR: 84%)
The orc wizard writhes in agony!
You kill the orc wizard!
Casting: Pain
Confirm with . or Enter, or press ? or * to list all spells.
Aiming: Pain
Press: ? - help, Shift-Dir - straight line, f - orc priest
Aim: an orc priest, wielding a club and wearing a scale mail (chance to defeat MR: 84%)
The orc priest writhes in agony!
The orc priest hits you with a club.
* * * LOW HITPOINT WARNING * * *
Casting: Pain
Confirm with . or Enter, or press ? or * to list all spells.
Aiming: Pain
Press: ? - help, Shift-Dir - straight line, f/p - orc priest
Aim: an orc priest, wielding a club and wearing a scale mail (heavily wounded, chance to defeat MR: 84%)
The orc priest writhes in agony!
The orc priest hits you with a club.
You die...

##...o...##
##.....## ##.o.##
##'## #.#
########.#
#........##
#.#####...#######.#
.####....oo@.....#
.........#########
.#####..## #..#
.#####..# ........#
#######.#
#.#########
#.........#


You could see an orc priest and an orc.

Vanquished Creatures
  A hound (D:4)
  2 orc wizards (D:4)
  A worker ant (D:3)
  2 adders
  2 oozes (D:1)
  2 worms
  3 dart slugs
  3 leopard geckos
  7 orcs
  7 giant cockroaches
  3 goblins (D:2)
  11 hobgoblins
  A quokka (D:3)
  13 bats
  12 frilled lizards
  8 kobolds
  6 rats
84 creatures vanquished.

Vanquished Creatures (collateral kills)
  An orc (D:3)
  A bat (D:3)
  A quokka (D:3)
3 creatures vanquished.

Grand Total: 87 creatures vanquished

Notes
Turn   | Place    | Note
-------+----------+-------------------------------------------
     0 | D:1      | nightchill the Vampire Necromancer began the quest for the Orb.
     0 | D:1      | Reached XP level 1. HP: 13/13 MP: 3/3
   161 | D:1      | Reached XP level 2. HP: 4/19 MP: 0/5
   193 | D:1      | Reached skill level 5 in Necromancy
   841 | D:1      | Reached XP level 3. HP: 24/24 MP: 4/6
  1637 | D:2      | Reached skill level 6 in Necromancy
  1782 | D:2      | Found a blossoming altar of Fedhas.
  2031 | D:2      | Reached XP level 4. HP: 25/30 MP: 7/7
  2037 | D:2      | Learned a level 4 spell: Animate Dead
  3863 | D:3      | Reached XP level 5. HP: 9/35 MP: 1/8
  4142 | D:3      | Found a deep blue altar of Sif Muna.
  4219 | D:4      | Reached skill level 1 in Short Blades
  4683 | D:4      | Slain by an orc priest

Skill      XL: |  1  2  3  4  5 |
---------------+----------------+-----
Necromancy     | 5 6 |  6.8
Short Blades   | 2 |  2.5
Stealth        | 4 |  4.5
Dodging        | |  2.1
Spellcasting   | |  2.0

Action                   |  1- 3 |  4- 6 || total
-------------------------+-------+-------++-------
Melee: Short sword       |    42 |       ||    42
       Unarmed           |     4 |       ||     4
       Bite              |     3 |     4 ||     7
       Rapier            |    13 |    62 ||    75
Throw: Stone             |       |     1 ||     1
 Cast: Pain              |    53 |    54 ||   107
       Animate Dead      |       |    13 ||    13
  Use: Potion            |     9 |     7 ||    16
 Stab: Sleeping          |     6 |     3 ||     9
  Eat: Corpse            |     6 |       ||     6
Armor: Robe              |    23 |    15 ||    38
Dodge: Dodged            |    44 |    47 ||    91
